 Dungeon Crawl Stone Soup version 0.16.0-5-g717f7e7 (console) character file.

147 gw the Ruffian (level 5, -5/46 HPs)
             Began as a Minotaur Monk on Mar 15, 2015.
             Was a Believer of Qazlal.
             Slain by an ogre
             ... wielding a +0 giant spiked club
              (23 damage)
             ... on level 4 of the Dungeon.
             The game lasted 00:03:15 (3205 turns).

gw the Ruffian (Minotaur Monk)                      Turns: 3205, Time: 00:03:15

Health: -5/46      AC: 12    Str: 15      XL:     5   Next: 7%
Magic:  3/3        EV:  5    Int:  7      God:    Qazlal [**....]
Gold:   189        SH:  3    Dex: 11 (14) Spells: 0 memorised, 4 levels left

rFire  . . .     SeeInvis .       - Unarmed
rCold  . . .     Clarity  .     n - +2 plate armour
rNeg   . . .     SustAb   .     (no shield)
rPois  .         Gourm    .     (helmet restricted)
rElec  .         Spirit   .     (no cloak)
rCorr  .         Warding  .     (no gloves)
rMut   .         Stasis   .     (no boots)
MR     .....                    (no amulet)
Stlth  ..........               (no ring)
                                (no ring)

@: not resistant to hostile enchantments, extremely unstealthy
A: retaliatory headbutt, horns 2
a: Upheaval, Renounce Religion


You were on level 4 of the Dungeon.
You worshipped Qazlal.
Qazlal was pleased with you.
You were not hungry.

You visited 1 branch of the dungeon, and saw 4 of its levels.

You collected 189 gold pieces.

Inventory:

Missiles
 a - 62 stones (quivered)
Armour
 n - a +2 plate armour (worn)
Scrolls
 d - a scroll of enchant weapon
 e - a scroll of fear
 i - 2 scrolls of identify
Potions
 h - 2 potions of heal wounds
 k - 2 potions of curing
Comestibles
 b - 2 bread rations
 g - 2 beef jerkies


   Skills:
 + Level 4.2 Fighting
 + Level 1.5 Throwing
 + Level 1.9 Armour
 - Level 3.2 Dodging
 - Level 1.5 Stealth
 + Level 5.5 Unarmed Combat
 * Level 1.9 Invocations


You had 4 spell levels left.
You didn't know any spells.

Dungeon Overview and Level Annotations

Branches:
Dungeon (4/15)
 Temple: D:4-7

Altars:
Qazlal
The Shining One


Innate Abilities, Weirdness & Mutations

You reflexively headbutt those who attack you in melee.
You have a pair of horns on your head.


Message History

Unknown command.
Unknown command.
MOVING TO (0,7)
The adder skeleton bites you but does no damage.
Unknown command.
Unknown command.
Unknown command.
MOVING TO (0,6) Unknown command.
Unknown command.
Unknown command.
MOVING TO (0,5)
Something hits you. Something shocks you.
Unknown command.
Unknown command.
Unknown command.
MOVING TO (0,4)
The ogre hits you with a giant spiked club!!
Ouch! That really hurt!
You die...

+...#.# ###...#.#
#####+####........
#.................
#.................
#.....$###........
#.................
#ZO....###........
#H.....# #.¤......
#¤.....# #........
#......# #########
#.#+#### #.# #.#
#.# #.# #.#


You could see an ogre and an adder skeleton.

Table legend:
 A = Turns spent in this place as a percentage of turns spent in the entire game.
 B = Non-inter-level travel turns spent in this place as a percentage of non-inter-level travel turns spent in the entire game.
 C = Inter-level travel turns spent in this place as a percentage of turns spent in this place.
 D = Turns resting spent in this place as a percentage of non-inter-level travel turns spent in this place.
 E = Turns spent auto-exploring this place as a percentage of non-inter-level travel turns spent in this place.
 F = Non-inter-level travel turns spent in this place divided by the number of levels of this place that you've seen.
                   A       B       C       D       E      F
               +-------+-------+-------+-------+-------+----------------------
         Total | 100.0 | 100.0 |   0.4 |   0.8 |   2.7 | 1134.8
       Dungeon | 100.0 | 100.0 |   0.4 |   0.8 |   2.7 | 1134.8
               +-------+-------+-------+-------+-------+----------------------

Table legend:
 A = Kills in this place as a percentage of kills in entire the game.
 B = Kills by you in this place as a percentage of kills by you in the entire game.
 C = Kills by friends in this place as a percentage of kills by friends in the entire game.
 D = Other kills in this place as a percentage of other kills in the entire game.
 E = Experience gained in this place as a percentage of experience gained in the entire game.
 F = Experience gained in this place divided by the number of levels of this place that you have seen.
                   A       B       C       D       E      F
               +-------+-------+-------+-------+-------+----------------------
         Total | 100.0 | 100.0 |  -nan |  -nan | 100.0 |  52.5
       Dungeon | 100.0 | 100.0 |  -nan |  -nan | 100.0 |  52.5
               +-------+-------+-------+-------+-------+----------------------

Vanquished Creatures
  A worker ant (D:4)
  Robin (D:4)
  3 gnolls (D:3)
  2 adders
  A giant mite (D:2)
  A worm (D:3)
  4 giant geckos
  7 bats
  8 hobgoblins
  4 jackals (D:1)
  4 kobolds
  2 ball pythons
  A giant cockroach (D:1)
  3 giant newts
  13 goblins
  A jackal skeleton (D:4)
  8 rats
64 creatures vanquished.

Notes
Turn   | Place    | Note
--------------------------------------------------------------
     0 | D:1      | gw, the Minotaur Monk, began the quest for the Orb.
     0 | D:1      | Reached XP level 1. HP: 19/19 MP: 1/1
   344 | D:1      | Reached XP level 2. HP: 27/27 MP: 1/1
   371 | D:1      | Reached skill level 1 in Throwing
   588 | D:1      | Reached skill level 1 in Armour
   592 | D:1      | Reached skill level 5 in Unarmed Combat
   742 | D:1      | Reached XP level 3. HP: 33/33 MP: 2/2
  1426 | D:2      | Found a stormy altar of Qazlal.
  1426 | D:2      | Found a glowing golden altar of the Shining One.
  1433 | D:2      | Became a worshipper of Qazlal Stormbringer
  1433 | D:2      | Acquired Qazlal's first power
  1433 | D:2      | Acquired Qazlal's second power
  2688 | D:3      | Reached XP level 4. HP: 35/40 MP: 2/2
  2918 | D:3      | Reached skill level 1 in Invocations
  3135 | D:4      | Noticed Robin
  3148 | D:4      | Killed Robin
  3148 | D:4      | Reached XP level 5. HP: 33/46 MP: 2/3
  3155 | D:4      | Noticed an ogre
  3168 | D:4      | Noticed a sky beast
  3205 | D:4      | Slain by an ogre

Action                   |  1- 3 |  4- 6 || total
-------------------------+-------+-------++-------
Melee: Unarmed           |    76 |    27 ||   103
Throw: Stone             |    68 |     9 ||    77
  Use: Scroll            |     8 |     4 ||    12
       Potion            |     5 |     2 ||     7
  Eat: Chunk             |     5 |     3 ||     8

Vault maps used:
D:1:      dpeg_arrival_more_subterranean_lakeside_camping,
          minmay_misc_feat_more_columns, minmay_bisected
D:2:      gammafunk_temple_overflow_pools
D:4:      uniq_robin, uniq_purgy
